 Dungeon Crawl Stone Soup version 0.28-a0-514-g0d7ab7f379 (webtiles) character file.

Game seed: 12491874984243538250

514 Zenkrye the Ducker (level 7, -4/51 HPs)
             Began as a Djinni Conjurer on Sept 22, 2021.
             Killed from afar by a white imp (19 damage)
             ... with a puff of frost
             ... on level 6 of the Dungeon.
             The game lasted 00:09:45 (4781 turns).

Zenkrye the Ducker (Djinni Conjurer)                Turns: 4781, Time: 00:09:46

Health: -4/51      AC:  3    Str:  6    XL:     7   Next: 44%
Gold:   156        EV: 13    Int: 21    God:
                   SH:  0    Dex: 12

rFire   + + +      SeeInvis .   t - staff of fire
rCold   x . .      Faith    .   (no shield)
rNeg    + . .      Spirit   .   a - +1 robe
rPois   ∞          Reflect  .   (no helmet)
rElec   .          Harm     .   (no cloak)
rCorr   .          Rampage  .   (no gloves)
Will    .....                   (boots unavailable)
Stlth   ++........              (no amulet)
HPRegen 0.17/turn               n - ring of positive energy
MPRegen 0.00/turn               (no ring)

@: flying
A: sickness immunity, fire resistance 2, cold vulnerability 1, float, innate
caster, hp casting, extra vitality 1
a: no special abilities


You were on level 6 of the Dungeon.
You visited 1 branch of the dungeon, and saw 5 of its levels.
You also visited: Sewer.

You collected 156 gold pieces.

Inventory:

Hand Weapons
 j - the +1 short sword of Hecseb {vorpal, rElec rF+ rN+ Will- Int+4}
   (You found it in a sewer)

   It inflicts extra damage upon your enemies.
   Int:       It affects your intelligence (+4).
   rF:        It protects you from fire.
   rElec:     It insulates you from electricity.
   rN:        It protects you from negative energy.
   Will:      It decreases your willpower.
Armour
 a - a +1 robe (worn)
 f - a +0 kite shield
Magical Staves
 t - a staff of fire (weapon)
Jewellery
 n - a ring of positive energy (left hand)
Scrolls
 d - a scroll of teleportation {@r3}
 g - 4 scrolls of fog
 h - a scroll of brand weapon
 p - a scroll of enchant armour
 s - a scroll of magic mapping
Potions
 b - 5 potions of curing {@q1}
 c - a potion of might {@q4}
 e - 2 potions of mutation
 k - 2 potions of brilliance {unknown}
 l - a potion of haste {unknown}
 m - a potion of invisibility {unknown}
 o - 2 potions of magic {unknown}
 q - 2 potions of cancellation {unknown}
 u - a potion of degeneration {unknown}


   Skills:
 + Level 3.8 Fighting
 + Level 5.1 Dodging
 - Level 1.8 Stealth
 + Level 0.0 Shields
 + Level 4.6 Spellcasting


You couldn't memorise any spells.
You knew the following spells:

 Your Spells              Type           Power      Damage    Failure   Level
a - Magic Dart            Conj           96%        1d7       1%          1
b - Searing Ray           Conj           48%        2d6       2%          2
c - Dazzling Flash        Conj/Hex       48%        N/A       4%          3
d - Fulminant Prism       Conj/Hex       12%        3d9       17%         4
e - Shock                 Conj/Air       96%        1d9       1%          1
f - Scorch                Fire           72%        2d9       2%          2
g - Teleport Other        Tloc           24%        N/A       4%          3
q - Iskenderun's Mystic   Conj/Tloc      24%        2d7       17%         4
Your spell library was empty.

Dungeon Overview and Level Annotations

Branches:
Dungeon (4/15)             Temple (0/1) D:4           Sewer (visited)

Altars:
Nemelex Xobeh
Xom

Annotations:
D:6 Prince Ribbit


Innate Abilities, Weirdness & Mutations

You are immune to sickness and miasma.
You are immune to poison.
Your flesh is very heat resistant. (rF++)
You are vulnerable to cold. (rC-)
You float through the air rather than walking.
You learn spells naturally, not from books.
Your magical power is your life essence.
You have superior vitality. (+4 HP)


Message History

The magic dart hits the white imp but does no damage.
Casting: Magic Dart (safe; 1% risk of failure)
Confirm with . or Enter, or press ? or * to list all spells.
Aiming: Magic Dart (safe; 1% risk of failure)
Press: ? - help, Shift-Dir - straight line, f/p - white imp
Aim: a white imp (100% to hit)
The magic dart hits the white imp but does no damage.
Casting: Magic Dart (safe; 1% risk of failure)
Confirm with . or Enter, or press ? or * to list all spells.
Aiming: Magic Dart (safe; 1% risk of failure)
Press: ? - help, Shift-Dir - straight line, f/p - white imp
Aim: a white imp (100% to hit)
The magic dart hits the white imp.
The white imp is moderately wounded.
Casting: Magic Dart (safe; 1% risk of failure)
Confirm with . or Enter, or press ? or * to list all spells.
Aiming: Magic Dart (safe; 1% risk of failure)
Press: ? - help, Shift-Dir - straight line, f/p - white imp
Aim: a white imp (moderately wounded, 100% to hit)
The magic dart hits the white imp.
The white imp is moderately wounded.
Prince Ribbit is no longer more vulnerable to fire.
The white imp gestures at you. The puff of frost hits you!
You feel a terrible chill!
A lemure comes into view.
Casting: Magic Dart (safe; 1% risk of failure)
Confirm with . or Enter, or press ? or * to list all spells.
You feel a surge of power!
Flames lash Prince Ribbit.
Prince Ribbit is severely wounded.
Prince Ribbit's fire resistance burns away.
The white imp gestures at you. The puff of frost hits you!
You feel a terrible chill!
* * * LOW HITPOINT WARNING * * *
Prince Ribbit barely misses you.
A lemure comes into view.
The lemure shouts!
You hear a shout!
A lemure comes into view.
The white imp gestures at you. The puff of frost hits you!!
You feel a terrible chill!
You die...

.$. .. .. ....
##.. #. .......
#....#$ .#.....
#.#..#.#.......
.......#.....
#...........
#.F........
#.#.(......
#..@.......
##.....####
#.....# ##5##.#
#.# .# .5# #
..# .55


You could see Prince Ribbit (combustible), 3 lemures and a white imp.

Vanquished Creatures
  Sigmund (D:2)
  2 bullfrogs (Sewer)
  10 adders
  4 river rats (Sewer)
  A shadow imp (D:6)
  5 worms
  A dart slug (D:1)
  6 orcs (D:3)
  12 ball pythons
  5 endoplasms
  A giant cockroach (D:3)
  4 goblins (D:3)
  6 hobgoblins
  5 jackals
  6 kobolds
  5 quokkas
  3 bats
  13 frilled lizards
  26 rats
116 creatures vanquished.

Vanquished Creatures (others)
  5 fulminant prisms (Sewer)
5 creatures vanquished.

Grand Total: 121 creatures vanquished

Notes
Turn   | Place    | Note
-------+----------+-------------------------------------------
     0 | D:1      | Zenkrye the Djinni Conjurer began the quest for the Orb.
     0 | D:1      | Reached XP level 1. HP: 15/15 MP: 0/0
   277 | D:1      | Reached XP level 2. HP: 19/21 MP: 0/0
   338 | D:1      | Found a faded altar of an unknown god.
   800 | D:1      | Reached XP level 3. HP: 19/26 MP: 0/0
   800 | D:1      | Learned a level 1 spell: Shock
  1126 | D:1      | You are sucked into a shaft and drop 1 floor!
  1212 | D:2      | Reached skill level 1 in Fighting
  1672 | D:2      | Reached skill level 3 in Dodging
  1897 | D:2      | Reached XP level 4. HP: 30/32 MP: 0/0
  1913 | D:2      | Noticed Sigmund
  1923 | D:2      | Killed Sigmund
  1924 | D:2      | Reached skill level 4 in Dodging
  1924 | D:2      | Reached XP level 5. HP: 4/39 MP: 0/0
  1924 | D:2      | Learned a level 2 spell: Scorch
  2203 | D:2      | Reached XP level 6. HP: 40/45 MP: 0/0
  3159 | D:3      | Found a glowing drain.
  3164 | Sewer    | Entered a sewer
  3597 | Sewer    | Identified the +1 short sword of Hecseb {vorpal, rElec rF+
                  | rN+ Will- Int+4}
  3791 | Sewer    | Reached skill level 5 in Dodging
  3791 | Sewer    | Reached XP level 7. HP: 33/51 MP: 0/0
  3791 | Sewer    | Learned a level 3 spell: Teleport Other
  4452 | D:3      | Found a sparkling altar of Nemelex Xobeh.
  4619 | D:4      | Found a shimmering altar of Xom.
  4766 | D:4      | Found a staircase to the Ecumenical Temple.
  4767 | D:4      | Noticed a water moccasin
  4767 | D:4      | You are sucked into a shaft and drop 2 floors!
  4770 | D:6      | Noticed Prince Ribbit
  4781 | D:6      | Killed from afar by a white imp

Illustrated notes

Levels and vault maps discovered:
D:1:      eino_arrival_water_star, layout_loops_ring,
          dreamdust_ecumenical_altar_statues, due_unseen_surprise
D:2:      layout_basic, uniq_sigmund
D:3:      layout_basic, lemuel_coloured_pillars_altar, gup_sewer_entry_bowl,
          minmay_goblin_kobold_house
D:4:      layout_basic, kennysheep_little_box, nicolae_overflow_crystal_walls,
          minmay_temple_entry_tees, minmay_misc_feat_four_crosses
D:6:      layout_basic, minitemple, uniq_pikel, uniq_blork_the_orc,
          uniq_prince_ribbit1

Skill      XL: |  1  2  3  4  5  6 |
---------------+-------------------+-----
Fighting       | 1 2 3 |  3.8
Dodging        | 3 4 5 |  5.1
Spellcasting   | 4 |  4.6
Stealth        | |  1.8

Action                   |  1- 3 |  4- 6 |  7- 9 || total
-------------------------+-------+-------+-------++-------
 Cast: Magic Dart        |    57 |    45 |    26 ||   128
       Searing Ray       |     7 |     2 |       ||     9
       Shock             |     9 |       |     1 ||    10
       Scorch            |       |    34 |     9 ||    43
       Fulminant Prism   |       |     5 |       ||     5
       Iskenderun's Myst |       |     1 |       ||     1
  Use: Scroll            |       |     6 |     5 ||    11
Armor: Robe              |     2 |     2 |       ||     4
Dodge: Dodged            |     1 |     5 |     3 ||     9

Table legend: (Time is in decaauts)
 A = Elapsed time spent in this place.
 B = Non-inter-level travel time spent in this place.
 C = Inter-level travel time spent in this place.
 D = Time resting spent in this place.
 E = Time spent auto-exploring this place.
 F = Levels seen in this place.
 G = Mean time per level.
                   A        B        C        D        E       F      G
               +--------+--------+--------+--------+--------+-----+--------+
         Total |   4780 |   4657 |    123 |    600 |   3629 |   6 |  796.7 |
       Dungeon |   4009 |   3886 |    123 |    456 |   3092 |   5 |  801.8 |
         Sewer |    771 |    771 |      0 |    144 |    537 |   1 |  771.0 |
               +--------+--------+--------+--------+--------+-----+--------+

Top non-repeatable levels by time:
     D:1: 1530 daAuts
     D:2: 1189 daAuts
     D:3: 1123 daAuts
   Sewer: 771 daAuts
     D:4: 152 daAuts
     D:6: 13 daAuts
